3AA
GLENDALE HERONS @ LITTLE CAESARS HOT N READYS
07/11/2030
 
TOP OF THE 1ST
Glendale Herons batting - Pitching for Little Caesars Hot N Readys : LHP Filip Radyuhin
Pitching: LHP Filip Radyuhin
Batting: LHB Su-wu Xiao 0-0: Called Strike
0-1: Ball
1-1: Ball
2-1: Ball
3-1: Called Strike
3-2: Foul Ball, location: 2F
3-2: Strikes out swinging
Batting: RHB Francisco Guerra 0-0: Called Strike
0-1: Ball
1-1: Ball
2-1: Ball
3-1: Fly out, F3 (Popup, 34)
Batting: SHB Yun-qi Chien 0-0: Called Strike
0-1: Called Strike
0-2: Strikes out swinging
Top of the 1st over - 0 runs, 0 hits, 0 errors, 0 left on base; Glendale 0 - Little Caesars 0
BOTTOM OF THE 1ST
Little Caesars Hot N Readys batting - Pitching for Glendale Herons : RHP Cris Mendoza
Pitching: RHP Cris Mendoza
Batting: SHB Jesús Román 0-0: TRIPLE (Flyball, 7D)
Batting: RHB Jorge Noutel 0-0: Ball
1-0: Called Strike
1-1: Ball
2-1: Swinging Strike
2-2: Ball
3-2: Base on Balls
Batting: LHB Michael Cochran 0-0: Ball
1-0: Ball
2-0: Foul Ball, location: 2F
2-1: Ball
3-1: Fly out, F4 (Line Drive, 4M)
Batting: RHB Alco Compagne 0-0: Ball
1-0: Grounds into double play, 6-4-3 (Groundball, 6)
Bottom of the 1st over - 0 runs, 1 hit, 0 errors, 1 left on base; Glendale 0 - Little Caesars 0
TOP OF THE 2ND
Glendale Herons batting - Pitching for Little Caesars Hot N Readys : LHP Filip Radyuhin
Batting: RHB Takechi Okubo 0-0: Called Strike
0-1: SINGLE (Groundball, 56D)
Batting: RHB Michael Sweeney 0-0: Ball
1-0: Ball
Wild Pitch!
Takechi Okubo to second
2-0: Ball
3-0: Called Strike
3-1: Base on Balls
Batting: RHB Restin P. Surambe 0-0: Ball
1-0: Ball
2-0: Swinging Strike
2-1: Foul Ball, location: 2F
2-2: Strikes out looking
Batting: RHB Hatui Haunani 0-0: Ball
1-0: Foul Ball, location: 2F
1-1: Reached via error on a dropped throw, E1
Takechi Okubo to third
Michael Sweeney to second
Batting: LHB Xu Cheng 0-0: Ball
1-0: Swinging Strike
1-1: Ball
2-1: Foul Ball, location: 2F
2-2: Strikes out looking
Batting: RHB Luis Trevino 0-0: Foul Ball, location: 2F
0-1: Fly out, F9 (Flyball, 9LS)
Top of the 2nd over - 0 runs, 1 hit, 1 error, 3 left on base; Glendale 0 - Little Caesars 0
BOTTOM OF THE 2ND
Little Caesars Hot N Readys batting - Pitching for Glendale Herons : RHP Cris Mendoza
Batting: LHB Yin-reng Hsueh 0-0: Ground out 1-3 (Groundball, 13)
Batting: SHB Cyrille Baffi 0-0: Ball
1-0: Called Strike
1-1: Foul Ball, location: 2F
1-2: Ground out 1-3 (Groundball, 15S)
Batting: RHB Hamilton Swan 0-0: Ball
1-0: Ground out U3 (Groundball, 3)
Bottom of the 2nd over - 0 runs, 0 hits, 0 errors, 0 left on base; Glendale 0 - Little Caesars 0
TOP OF THE 3RD
Glendale Herons batting - Pitching for Little Caesars Hot N Readys : LHP Filip Radyuhin
Batting: LHB Su-wu Xiao 0-0: Called Strike
0-1: Swinging Strike
0-2: Ball
1-2: SINGLE (Groundball, 4D)
Batting: RHB Francisco Guerra 0-0: Ball
1-0: SINGLE (Flyball, 78M)
Su-wu Xiao to second
Runner from 2nd tries for 3rd, SAFE, throw made to third
Batting: SHB Yun-qi Chien 0-0: Called Strike
0-1: Ball
1-1: Ball
2-1: Ball
3-1: SINGLE (Groundball, 34D)
Su-wu Xiao scores
Francisco Guerra to second
Runner from 2nd tries for 3rd, SAFE, no throw
Batting: RHB Takechi Okubo 0-0: Ball
1-0: Foul Ball, location: 2F
1-1: Ball
2-1: Foul Ball, location: 2F
2-2: Strikes out swinging
Batting: RHB Michael Sweeney 0-0: Ball
Yun-qi Chien steals 2nd base
1-0: Called Strike
1-1: Fly out, F9 (Flyball, 89XD)
Runner from 3rd tags up, SCORES, no throw
Yun-qi Chien to third
Batting: RHB Restin P. Surambe 0-0: Ball
1-0: Fly out, F9 (Flyball, 9S)
Top of the 3rd over - 2 runs, 3 hits, 0 errors, 1 left on base; Glendale 2 - Little Caesars 0
BOTTOM OF THE 3RD
Little Caesars Hot N Readys batting - Pitching for Glendale Herons : RHP Cris Mendoza
Batting: RHB Amos Bies 0-0: Ball
1-0: Called Strike
1-1: Ball
2-1: SINGLE (Groundball, 34D)
Batting: RHB Harith Karim 0-0: Hit by Pitch
Amos Bies to second
Batting: SHB Jesús Román 0-0: Ball
Harith Karim is caught stealing 2nd base
1-0: Called Strike
Balk!
Amos Bies scores
1-1: Swinging Strike
1-2: Ball
2-2: Ball
3-2: Base on Balls
Batting: RHB Jorge Noutel 0-0: Fly out, F6 (Line Drive, 6)
Batting: LHB Michael Cochran 0-0: Ball
1-0: SINGLE (Groundball, 56) (infield hit)
Jesús Román to second
Batting: RHB Alco Compagne 0-0: Foul Ball, location: 2F
0-1: Foul Ball, location: 2F
0-2: Ball
1-2: SINGLE (Line Drive, 8LS)
Jesús Román to third
Michael Cochran to second
Runner from 3rd tries for Home, SAFE, no throw
Batting: LHB Yin-reng Hsueh 0-0: Called Strike
0-1: Fly out, F5 (Line Drive, 5)
Bottom of the 3rd over - 2 runs, 3 hits, 0 errors, 2 left on base; Glendale 2 - Little Caesars 2
TOP OF THE 4TH
Glendale Herons batting - Pitching for Little Caesars Hot N Readys : LHP Filip Radyuhin
Batting: RHB Hatui Haunani 0-0: Ball
1-0: Foul Ball, location: 2F
1-1: Called Strike
1-2: SINGLE (Groundball, 6D)
Batting: LHB Xu Cheng 0-0: Foul Ball, location: 2F
0-1: Ball
1-1: Fly out, F8 (Flyball, 8LD)
Batting: RHB Luis Trevino 0-0: Foul Ball, location: 2F
0-1: Ball
1-1: Ball
2-1: Ground out U3 (Groundball, 34S)
Hatui Haunani to second
Batting: LHB Su-wu Xiao 0-0: Ball
1-0: Ball
2-0: Ball
3-0: Called Strike
3-1: SINGLE (Line Drive, 8RS)
Hatui Haunani to third
Runner from 3rd tries for Home, SAFE, no throw
Batting: RHB Francisco Guerra 0-0: Ball
1-0: Fly out, F7 (Line Drive, 7)
Top of the 4th over - 1 run, 2 hits, 0 errors, 1 left on base; Glendale 3 - Little Caesars 2
BOTTOM OF THE 4TH
Little Caesars Hot N Readys batting - Pitching for Glendale Herons : RHP Cris Mendoza
Batting: SHB Cyrille Baffi 0-0: Ball
1-0: Ball
2-0: Bunt for hit - play at first, batter OUT! 5-3
Batting: RHB Hamilton Swan 0-0: SINGLE (Groundball, 56D)
Batting: RHB Amos Bies 0-0: Ball
1-0: Grounds into double play, 6-4-3 (Groundball, 6)
Bottom of the 4th over - 0 runs, 1 hit, 0 errors, 0 left on base; Glendale 3 - Little Caesars 2
TOP OF THE 5TH
Glendale Herons batting - Pitching for Little Caesars Hot N Readys : LHP Filip Radyuhin
Batting: SHB Yun-qi Chien 0-0: Fly out, F7 (Line Drive, 7)
Batting: RHB Takechi Okubo 0-0: Called Strike
0-1: SINGLE (Flyball, 56D)
Batting: RHB Michael Sweeney 0-0: Ball
1-0: SINGLE (Popup, 4D)
Takechi Okubo to second
Batting: RHB Restin P. Surambe 0-0: Ball
1-0: Hit by Pitch
Takechi Okubo to third
Michael Sweeney to second
Batting: RHB Hatui Haunani 0-0: Foul Ball, location: 2F
0-1: Ball
1-1: Ball
2-1: Ball
3-1: Base on Balls
Takechi Okubo scores
Michael Sweeney to third
Restin P. Surambe to second
Batting: LHB Xu Cheng 0-0: Ball
1-0: Swinging Strike
1-1: Ball
2-1: Called Strike
2-2: Strikes out swinging
Batting: RHB Luis Trevino 0-0: Foul Ball, location: 2F
0-1: Ball
1-1: Ground out 1-3 (Groundball, P)
Top of the 5th over - 1 run, 2 hits, 0 errors, 3 left on base; Glendale 4 - Little Caesars 2
BOTTOM OF THE 5TH
Little Caesars Hot N Readys batting - Pitching for Glendale Herons : RHP Cris Mendoza
Batting: RHB Harith Karim 0-0: Foul Ball, location: 2F
0-1: Ball
1-1: Foul Ball, location: 2F
1-2: Fly out, F9 (Flyball, 89D)
Batting: SHB Jesús Román 0-0: Called Strike
0-1: SINGLE (Flyball, 7LS)
Batting: RHB Jorge Noutel 0-0: Ball
1-0: Called Strike
Jesús Román steals 2nd base
1-1: Ball
2-1: Swinging Strike
2-2: Foul Ball, location: 2F
2-2: Foul Ball, location: 2F
2-2: Ball
3-2: Foul Ball, location: 2F
3-2: SINGLE (Line Drive, 9LS)
Jesús Román to third
Runner from 3rd tries for Home, SAFE, no throw
Batting: LHB Michael Cochran 0-0: Ball
Jorge Noutel steals 2nd base
1-0: Ball
2-0: Called Strike
2-1: Ball
3-1: Called Strike
3-2: Base on Balls
Batting: RHB Alco Compagne 0-0: Called Strike
0-1: Foul Ball, location: 2F
0-2: Ground out 5-3 (Groundball, 56S)
Jorge Noutel to third
Michael Cochran to second
Batting: LHB Yin-reng Hsueh 0-0: Called Strike
0-1: Ground out U3 (Groundball, 3)
Bottom of the 5th over - 1 run, 2 hits, 0 errors, 2 left on base; Glendale 4 - Little Caesars 3
TOP OF THE 6TH
Glendale Herons batting - Pitching for Little Caesars Hot N Readys : LHP Filip Radyuhin
Batting: LHB Su-wu Xiao 0-0: Fly out, F7 (Flyball, 78S)
Batting: RHB Francisco Guerra 0-0: Called Strike
0-1: Foul Ball, location: 2F
0-2: Strikes out swinging
Batting: SHB Yun-qi Chien 0-0: Ball
1-0: Ball
2-0: Ball
3-0: Base on Balls
Batting: RHB Takechi Okubo 0-0: Ball
1-0: Ball
2-0: Fly out, F4 (Popup, 4)
Top of the 6th over - 0 runs, 0 hits, 0 errors, 1 left on base; Glendale 4 - Little Caesars 3
BOTTOM OF THE 6TH
Little Caesars Hot N Readys batting - Pitching for Glendale Herons : RHP Cris Mendoza
Batting: SHB Cyrille Baffi 0-0: Called Strike
0-1: SOLO HOME RUN (Flyball, 9LD), Distance : 358 ft
Batting: RHB Hamilton Swan 0-0: Ball
1-0: Fly out, F3 (Popup, 3SF)
Batting: RHB Amos Bies 0-0: Bunted foul
0-1: Ground out 5-3 (Groundball, 5S)
Batting: RHB Harith Karim 0-0: Foul Ball, location: 2F
0-1: Called Strike
0-2: Foul Ball, location: 2F
0-2: Ball
1-2: SINGLE (Groundball, 34D)
Batting: SHB Jesús Román 0-0: Ground out 1-3 (Groundball, 13)
Bottom of the 6th over - 1 run, 2 hits, 0 errors, 1 left on base; Glendale 4 - Little Caesars 4
TOP OF THE 7TH
Glendale Herons batting - Pitching for Little Caesars Hot N Readys : LHP Filip Radyuhin
Batting: RHB Michael Sweeney 0-0: Fly out, F9 (Flyball, 89XD)
Batting: RHB Restin P. Surambe 0-0: Swinging Strike
0-1: Ground out 5-3 (Groundball, 2L)
Batting: RHB Hatui Haunani 0-0: Ball
1-0: Foul Ball, location: 2F
1-1: Called Strike
1-2: Foul Ball, location: 2F
1-2: Fly out, F7 (Line Drive, 78M)
Top of the 7th over - 0 runs, 0 hits, 0 errors, 0 left on base; Glendale 4 - Little Caesars 4
BOTTOM OF THE 7TH
Little Caesars Hot N Readys batting - Pitching for Glendale Herons : RHP Cris Mendoza
Batting: RHB Jorge Noutel 0-0: SINGLE (Flyball, 56D)
Batting: LHB Michael Cochran 0-0: Ball
1-0: Swinging Strike
1-1: Ball
2-1: DOUBLE (Line Drive, 78D)
Jorge Noutel to third
Runner from 3rd tries for Home, SAFE, no throw
Batting: RHB Alco Compagne 0-0: Intentional Walk
Pitching: RHP Víctor Torres
Pinch Hitting: LHB Gilberto Moreno 0-0: Swinging Strike
0-1: Called Strike
Michael Cochran steals 3rd base
0-2: Ball
1-2: SINGLE (Line Drive, 34D)
Michael Cochran scores
Alco Compagne to second
Batting: SHB Cyrille Baffi 0-0: Sac Bunt - play at first, batter OUT! 5-3
Alco Compagne to third
Gilberto Moreno to second
Pinch Hitting: SHB Rafael Porfrio 0-0: Intentional Walk
Pinch Hitting: LHB Sean Angwin 0-0: Ball
1-0: Ball
2-0: Ball
3-0: Base on Balls
Alco Compagne scores
Gilberto Moreno to third
Rafael Porfrio to second
Batting: RHB Harith Karim 0-0: Ball
1-0: Foul Ball, location: 2F
1-1: Ball
2-1: Grounds into double play, 3-2-3 (Groundball, 34S)
Bottom of the 7th over - 3 runs, 3 hits, 0 errors, 2 left on base; Glendale 4 - Little Caesars 7
TOP OF THE 8TH
Glendale Herons batting - Pitching for Little Caesars Hot N Readys : LHP Filip Radyuhin
Pitching: RHP Gabriel Escobar
Now at 2B: Jen-djieh Cheung
Now at 3B: Júlio Morín
Now in RF: Sean Angwin
Batting: LHB Xu Cheng 0-0: Called Strike
0-1: Fly out, F7 (Flyball, 7LS)
Batting: RHB Luis Trevino 0-0: Foul Ball, location: 2F
0-1: Foul Ball, location: 2F
0-2: Ground out 2-3 (Groundball, 2L)
Batting: LHB Su-wu Xiao 0-0: Ball
1-0: Ball
2-0: Ball
3-0: Called Strike
3-1: Base on Balls
Batting: RHB Francisco Guerra 0-0: Called Strike
0-1: Ball
1-1: Ball
2-1: Foul Ball, location: 2F
2-2: Strikes out swinging
Top of the 8th over - 0 runs, 0 hits, 0 errors, 1 left on base; Glendale 4 - Little Caesars 7
BOTTOM OF THE 8TH
Little Caesars Hot N Readys batting - Pitching for Glendale Herons : RHP Víctor Torres
Batting: SHB Jesús Román 0-0: Called Strike
0-1: Swinging Strike
0-2: Strikes out swinging
Batting: RHB Jorge Noutel 0-0: Ball
1-0: Foul Ball, location: 2F
1-1: Called Strike
1-2: Ball
2-2: Foul Ball, location: 2F
2-2: Strikes out swinging
Batting: LHB Michael Cochran 0-0: Ball
1-0: Ball
2-0: Ball
3-0: Base on Balls
Batting: RHB Alco Compagne 0-0: Ball
1-0: Ball
2-0: Ball
3-0: Base on Balls
Michael Cochran to second
Batting: RHB Jen-djieh Cheung 0-0: Foul Ball, location: 2F
0-1: Ground out 5-3 (Groundball, 56S)
Bottom of the 8th over - 0 runs, 0 hits, 0 errors, 2 left on base; Glendale 4 - Little Caesars 7
TOP OF THE 9TH
Glendale Herons batting - Pitching for Little Caesars Hot N Readys : RHP Gabriel Escobar
Now at SS: Bernard Gauthier
Batting: SHB Yun-qi Chien 0-0: Called Strike
0-1: Ground out 4-3 (Groundball, 4)
Batting: RHB Takechi Okubo 0-0: Called Strike
0-1: Ball
1-1: Fly out, F7 (Flyball, 7LSF)
Batting: RHB Michael Sweeney 0-0: Called Strike
0-1: Foul Ball, location: 2F
0-2: SOLO HOME RUN (Flyball, 9D), Distance : 392 ft
Batting: RHB Restin P. Surambe 0-0: Ball
1-0: Called Strike
1-1: Called Strike
1-2: Ball
2-2: Ball
3-2: Foul Ball, location: 2F
3-2: Foul Ball, location: 2F
3-2: Base on Balls
Pinch Hitting: LHB Jin-song Seah 0-0: Called Strike
0-1: Swinging Strike
0-2: Ball
1-2: Foul Ball, location: 2F
1-2: Foul Ball, location: 2F
1-2: Ball
2-2: Foul Ball, location: 2F
2-2: Fly out, F9 (Line Drive, 9D)
Top of the 9th over - 1 run, 1 hit, 0 errors, 1 left on base; Glendale 5 - Little Caesars 7
Sunday, March 18th, 2018 - OOTP Baseball 18.8 Build 76